 Dungeon Crawl Stone Soup version 0.21-a0-401-g0b6bec4 (webtiles) character file.

967 Yarrmor the Cutter (level 8, -1/69 HPs)
             Began as a Naga Warper on Oct 24, 2017.
             Slain by an ice beast (9 damage)
             ... on level 5 of the Dungeon.
             The game lasted 00:54:26 (7953 turns).

Yarrmor the Cutter (Naga Warper)                    Turns: 7953, Time: 00:54:28

Health: -1/69      AC:  3    Str: 15      XL:     8   Next: 15%
Magic:  11/11      EV:  9    Int: 19      God:
Gold:   225        SH:  0    Dex:  4 (11) Spells: 4/11 levels left

rFire    . . .     SeeInvis +   b - +1 flail (protect)
rCold    . . .     Gourm    .   (no shield)
rNeg     . . .     Faith    .   (no armour)
rPois    +         Spirit   .   x - +0 helmet
rElec    .         Reflect  .   (no cloak)
rCorr    .         Harm     .   (no gloves)
MR       +....                  (no barding)
Stlth    ++........             (no amulet)
HPRegen  0.21/turn              G - +5 ring of intelligence
MPRegen  0.12/turn              u - ring of stealth

@: short of breath, hasted, quick
A: see invisible, deformed body, poison resistance, slowness 2, slow metabolism
1, spit poison 1, AC +2
a: Spit Poison


You were on level 5 of the Dungeon.
You were near starving.

You visited 1 branch of the dungeon, and saw 6 of its levels.
You also visited: Sewer.

You collected 225 gold pieces.

Inventory:

Hand Weapons
 a - a +0 falchion
 b - a +1 flail of protection (weapon)
 m - a +1 whip of draining
 n - a +1 short sword of venom
 w - a +0 mace
Missiles
 e - 4 tomahawks of dispersal (quivered)
 k - 55 poisoned needles
 r - 3 javelins
Armour
 x - a +0 helmet (worn)
 B - a +1 hat
 H - a +0 plate armour
Jewellery
 p - an uncursed ring of fire
 u - a ring of stealth (right hand)
 y - a +2 ring of dexterity
 G - a +5 ring of intelligence (left hand)
Wands
 C - a wand of random effects (16/48)
Scrolls
 g - 3 scrolls of remove curse
 h - 2 scrolls of immolation
 q - 4 scrolls of identify
 A - 3 scrolls of enchant armour
 D - 2 scrolls of amnesia
Potions
 o - a potion of cancellation
 s - 4 potions of haste
 t - 3 potions of brilliance {unknown}
 v - a potion of mutation {unknown}
Books
 c - a book of Spatial Translocations

   Spells                             Type                      Level
   a - Blink                          Translocation                2
   b - Shroud of Golubria             Charms/Translocation         2
   c - Lesser Beckoning               Translocation                3
   d - Gell's Gravitas                Translocation                3
   e - Teleport Other                 Translocation                3
   f - Passage of Golubria            Translocation                4
 E - a book of Changes

   Spells                             Type                      Level
   a - Beastly Appendage              Transmutation                1
   b - Sticks to Snakes               Transmutation                2
   c - Spider Form                    Transmutation/Poison         3
   d - Ice Form                       Ice/Transmutation            4
   e - Blade Hands                    Transmutation                5
Comestibles
 f - 5 bread rations
 i - 5 meat rations
 z - a royal jelly


   Skills:
 + Level 3.4 Fighting
 + Level 4.7(5.0) Short Blades
 + Level 2.1(3.7) Long Blades
 + Level 2.5 Maces & Flails
 + Level 0.8 Throwing
 + Level 4.1 Armour
 + Level 3.0 Dodging
 + Level 2.4 Stealth
 + Level 2.1 Spellcasting
 + Level 3.0 Translocations


You had 4 spell levels left.
You knew the following spells:

 Your Spells              Type           Power        Failure   Level  Hunger
a - Blink                 Tloc           N/A          7%          2    ##.....
b - Shroud of Golubria    Chrm/Tloc      #.........   14%         2    ##.....
c - Gell's Gravitas       Tloc           ##........   14%         3    ###....


Dungeon Overview and Level Annotations

Branches:
Dungeon (6/15)
 Temple: D:4-7

Altars:
Dithmenos
Hepliaklqana
Kikubaaqudgha
Okawaru
Qazlal
Ru
Uskayaw
Wu Jian
Zin

Shops:
D:4 }   D:5 (

Annotations:
D:6 Eustachio; Nico3ck's ghost, novice FoFi


Innate Abilities, Weirdness & Mutations

You cannot wear boots.
Your serpentine skin is tough. (AC +2)
You have supernaturally acute eyesight. (SInv)
Armour fits poorly on your strangely shaped body.
Your system is resistant to poisons. (rPois)
You cover ground very slowly.
You have a slow metabolism.
You can spit poison.


Message History

The ice beast is heavily wounded.
The ice beast hits you. The ice beast freezes you!
You closely miss the ice beast.
The ice beast is heavily wounded.
The ice beast hits you. The ice beast freezes you!
The ice beast barely misses you.
You climb upwards.
There is a stone staircase leading down here.
Press: ? - help, Shift-Dir - straight line, f - ice beast
Aim: an ice beast (heavily wounded)
The splash of poison misses the ice beast.
You feel slightly more hungry. The ice beast hits you.
The ice beast freezes you!
* * * LOW HITPOINT WARNING * * *
It was a potion of cancellation.
You feel magically purged. The ice beast closely misses you.
It was a potion of haste.
You feel yourself speed up. The ice beast hits you.
* * * LOW HITPOINT WARNING * * *
The ice beast freezes you!
You die...

....##.####.#####.##### #.#.....#
##..#...######........# #.#.....#
.........# #.##.###.# #.#......
###.#...## #.##.# #.# #.#.....#
....##.## #.##.###.# #.#.....#
#.####.# #.##..##.# #........
#..# #.# #.###.##.# #........
#..###+## #.###.##.# #.###.###
#..##...## #.Y@.....# #.# #.# #
#.##.....## #####.#### #.# #.###
..#.......## ##.#.# #.###..##
##.........####....######).......
.+.........+.....................
##...........##....##########...#
###.......##.###.#.# #..## #
##.....###.#####.### #.### #
##...## #.8..∩..8.# #####.##.


You could see an ice beast.

Vanquished Creatures
  Purgy (D:4)
  An ogre (D:5)
  A crocodile (Sewer)
  A scorpion (D:5)
  The ghost of Yarrmor the Skirmisher, a weakling DsAK of Lugonu (D:3)
  2 crimson imps
  A hound (D:5)
  An orc priest (D:5)
  2 orc wizards
  4 worker ants
  A hound skeleton (D:4)
  A howler monkey zombie (D:6)
  Robin (D:2)
  7 gnolls
  9 adders
  A river rat (D:5)
  A shadow imp (D:5)
  An ooze (D:1)
  An adder skeleton (D:4)
  5 worms
  3 dart slugs
  4 leopard geckos
  12 orcs
  8 giant cockroaches
  18 goblins
  5 hobgoblins
  6 jackals
  8 kobolds
  4 quokkas
  10 bats
  6 frilled lizards
  A jackal skeleton (D:4)
  2 leopard gecko skeletons
  4 rats
  A plant (D:2)
135 creatures vanquished.

Notes
Turn   | Place    | Note
-------+----------+-------------------------------------------
     0 | D:1      | Yarrmor the Naga Warper began the quest for the Orb.
     0 | D:1      | Reached XP level 1. HP: 19/19 MP: 3/3
   609 | D:1      | Reached skill level 1 in Short Blades
   626 | D:1      | Reached XP level 2. HP: 26/26 MP: 5/5
   630 | D:1      | Reached skill level 1 in Armour
   882 | D:1      | Learned a level 2 spell: Blink
  1134 | D:1      | Reached XP level 3. HP: 32/32 MP: 6/6
  1927 | D:2      | Reached XP level 4. HP: 21/40 MP: 7/7
  2208 | D:2      | HP: 2/40 [gnoll (5)]
  2836 | D:2      | Found a faded altar of an unknown god.
  2948 | D:2      | Reached skill level 1 in Stealth
  2950 | D:2      | Reached XP level 5. HP: 38/46 MP: 8/8
  2967 | D:2      | Noticed Robin
  2986 | D:2      | Killed Robin
  3808 | D:3      | Found an iron altar of Okawaru.
  3833 | D:3      | Noticed Yarrmor's ghost (weakling DsAK)
  3862 | D:3      | Reached XP level 6. HP: 33/55 MP: 9/9
  4000 | D:3      | Found a shadowy altar of Dithmenos.
  4032 | D:3      | Found an ancient bone altar of Kikubaaqudgha.
  4502 | D:3      | Killed Yarrmor's ghost
  4887 | D:4      | Learned a level 2 spell: Shroud of Golubria
  4892 | D:4      | Learned a level 3 spell: Gell's Gravitas
  4941 | D:4      | Found Miph's Gadget Emporium.
  4971 | D:4      | Found a stormy altar of Qazlal.
  5007 | D:4      | Noticed a water elemental
  5017 | D:4      | Noticed a fire elemental
  5020 | D:4      | Noticed an air elemental
  5152 | D:4      | Noticed Purgy
  5171 | D:4      | Killed Purgy
  5171 | D:4      | Reached XP level 7. HP: 55/62 MP: 10/10
  5273 | D:3      | Found a hazy altar of Hepliaklqana.
  5273 | D:3      | Found a hide-covered altar of Uskayaw.
  5476 | D:4      | Found a glowing silver altar of Zin.
  5593 | D:4      | Found a sacrificial altar of Ru.
  5741 | D:5      | Entered Level 5 of the Dungeon
  5796 | D:5      | Found a glowing drain.
  5802 | Sewer    | Entered a sewer
  6290 | D:5      | Found Fydos's Antique Weapon Shop.
  6910 | D:5      | Reached skill level 1 in Maces & Flails
  6910 | D:5      | Reached XP level 8. HP: 66/69 MP: 11/11
  7024 | D:5      | Found an ornate altar of the Wu Jian Council.
  7308 | D:6      | Noticed Nico3ck's ghost (novice FoFi)
  7358 | D:5      | HP: 1/69 [phantom (5)]
  7453 | D:6      | Noticed Eustachio
  7953 | D:5      | Slain by an ice beast

Vault maps used:
D:1:      elethiomel_arrival_maze
D:2:      chequers_ecumenical_altar_lobes, uniq_robin
D:3:      kennysheep_okawaru_gauntlet, kiku_gazebo_garden_becter,
          grunt_dithmenos_smoke_and_mirrors, gammafunk_temple_overflow_wave,
          dk_noncrumbling_2
D:4:      nicolae_qazlal_style_of_elements, zin_scriptorium,
          nicolae_overflow_hidden_temple, first_bread, serial_shops,
          kennysheep_mini, minmay_goblin_kobold_house, uniq_purgy
D:5:      kennysheep_mini_moat, gup_sewer_entry_bowl, serial_shops, shop_statue
D:6:      nemelex_xobeh_ov_fountains_minmay, hangedman_decor_clover_reticule,
          guppyfry_early_elven_hall, uniq_eustachio
Sewer:    sewer_big_baddie

Skill      XL: |  1  2  3  4  5  6  7  8 |
---------------+-------------------------+-----
Short Blades   | 1 2 3 4 |  4.7
Armour         | 1 2 3 4 |  4.1
Stealth        | 1 2 |  2.4
Dodging        | 2 3 |  3.0
Fighting       | 3 |  3.4
Maces & Flails | 1 2 |  2.5
Long Blades    | |  2.1
Throwing       | |  0.8
Spellcasting   | |  2.1
Translocations | |  3.0

Action                   |  1- 3 |  4- 6 |  7- 9 || total
-------------------------+-------+-------+-------++-------
Melee: Short sword       |    56 |   240 |    43 ||   339
       Falchion          |     6 |       |       ||     6
       Flail             |       |       |   154 ||   154
Throw: Tomahawk          |       |       |     1 ||     1
 Cast: Gell's Gravitas   |       |       |     1 ||     1
 Abil: Spit Poison       |     7 |    55 |    43 ||   105
Evoke: Wand              |       |       |     1 ||     1
  Use: Scroll            |     3 |     5 |     1 ||     9
       Potion            |       |     2 |     5 ||     7
  Eat: Royal jelly       |     1 |       |     1 ||     2
       Chunk             |       |     7 |     7 ||    14
       Bread ration      |       |     1 |       ||     1
Armor: Leather armour    |    10 |    31 |       ||    41
       Ring mail         |       |    69 |    20 ||    89
       Plate armour      |       |       |   344 ||   344
       Skin              |       |       |     3 ||     3
Dodge: Dodged            |    29 |   112 |    81 ||   222
       Rpst.: Falchion   |     2 |       |       ||     2

Table legend:
 A = Spawn XP
 B = Non-spawn XP
 C = Spawn XP percentage of total XP
 D = Spawn monster count
 E = Non-spawn monster count
 F = Spawn count percentage of total count
 G = Total turns spent on level
                    A         B        C        D         E        F      G
               +---------+---------+-------+---------+---------+-------+---------
         Total |       0 |    1382 |   0.0 |       0 |     134 |   0.0 |  7953
               +---------+---------+-------+---------+---------+-------+---------
           D:1 |       0 |     109 |   0.0 |       0 |      19 |   0.0 |  2197
           D:2 |       0 |     148 |   0.0 |       0 |      30 |   0.0 |  1434
           D:3 |       0 |     176 |   0.0 |       0 |      27 |   0.0 |  1016
           D:4 |       0 |     217 |   0.0 |       0 |      19 |   0.0 |  1094
           D:5 |       0 |     512 |   0.0 |       0 |      26 |   0.0 |  1689
           D:6 |       0 |     105 |   0.0 |       0 |       7 |   0.0 |   280
         Sewer |       0 |     115 |   0.0 |       0 |       6 |   0.0 |   243
               +---------+---------+-------+---------+---------+-------+---------
